 Dungeon Crawl Stone Soup version 0.21.0-24-g2553a33 (webtiles) character file.

22335 Haldmier the Basher (level 13, -1/106 HPs)
             Began as a Formicid Conjurer on Jan 20, 2018.
             Was a Believer of Ashenzari.
             Killed from afar by an orc sorcerer (28 damage)
             ... with a bolt of fire
             ... on level 2 of the Orcish Mines.
             The game lasted 01:32:00 (18837 turns).

Haldmier the Basher (Formicid Conjurer)            Turns: 18837, Time: 01:32:01

Health: -1/106     AC: 10    Str: 16    XL:     13   Next: 26%
Magic:  7/19       EV: 12    Int: 17    God:    Ashenzari [**....]
Gold:   1394       SH: 19    Dex: 11    Spells: 10/20 levels left

rFire    . . .     SeeInvis +   a - +1 whip (elec)
rCold    + . .     Gourm    .   H - +0 large shield (curse)
rNeg     . . .     Faith    .   C - +0 troll leather armour {Purgy}
rPois    .         Spirit   .   (helmet unavailable)
rElec    .         Reflect  +   w - +0 cloak
rCorr    .         Harm     .   x - +2 pair of gloves
MR       +....                  F - +0 pair of boots
Stlth    ++........             I - +2 amulet of reflection
HPRegen  0.67/turn              n - ring of protection from cold
MPRegen  0.16/turn              v - ring of wizardry

@: drained
A: permanent stasis, dig shafts and tunnels, four strong arms, antennae 3
a: Dig, Shaft Self, Curse Item, Scrying, Renounce Religion


You were on level 2 of the Orcish Mines.
You worshipped Ashenzari.
Ashenzari was pleased with you.
You were hungry.

You visited 3 branches of the dungeon, and saw 13 of its levels.
You also visited: Sewer.

You collected 1394 gold pieces.

Inventory:

Hand Weapons
 a - a +1 whip of electrocution (weapon)
 D - a +3 battleaxe
 P - a +3 whip of draining
 R - a +2 morningstar of freezing
Missiles
 l - 3 throwing nets (quivered)
Armour
 t - a +0 robe of resistance
 w - a +0 cloak (worn)
 x - a +2 pair of gloves (worn)
 C - a +0 troll leather armour (worn) {Purgy}
 F - a +0 pair of boots (worn)
 H - a cursed +0 large shield (worn)
 K - a +1 ring mail of cold resistance
 N - a +2 robe of fire resistance
 O - a +1 robe of fire resistance
Jewellery
 n - a ring of protection from cold (left hand)
 q - an uncursed ring of fire
 v - a ring of wizardry (right hand)
 I - a +2 amulet of reflection (around neck)
Wands
 z - a wand of scattershot (3)
 A - a wand of iceblast (12)
 B - a wand of random effects (31)
 J - a wand of flame (48)
Scrolls
 e - a scroll of immolation
 i - 2 scrolls of remove curse
 o - 2 scrolls of fog
 p - 2 scrolls of amnesia
 r - a scroll of magic mapping
 L - 5 scrolls of identify
Potions
 h - 3 potions of mutation
 j - 2 potions of agility
 k - a potion of ambrosia {unknown}
 m - 2 potions of curing
 s - a potion of invisibility
 u - 2 potions of cancellation
 E - a potion of magic
 G - 2 potions of flight
 Q - 3 potions of haste {unknown}
Books
 d - a book of Cantrips

   Spells                             Type                      Level
   a - Confusing Touch                Hexes                        1
   b - Animate Skeleton               Necromancy                   1
   c - Summon Small Mammal            Summoning                    1
   d - Apportation                    Translocation                1
 f - a book of Conjurations

   Spells                             Type                      Level
   a - Magic Dart                     Conjuration                  1
   b - Searing Ray                    Conjuration                  2
   c - Dazzling Spray                 Conjuration/Hexes            3
   d - Fulminant Prism                Conjuration/Hexes            4
   e - Force Lance                    Conjuration/Translocation    4
   f - Iskenderun's Mystic Blast      Conjuration                  4
 y - a book of Minor Magic

   Spells                             Type                      Level
   a - Magic Dart                     Conjuration                  1
   b - Blink                          Translocation                2
   c - Call Imp                       Summoning                    2
   d - Slow                           Hexes                        2
   e - Conjure Flame                  Conjuration/Fire             3
   f - Mephitic Cloud                 Conjuration/Poison/Air       3
 M - the Catalogue of Earthen Unholy Arts
   (You found it on level 8 of the Dungeon)

   Spells                             Type                      Level
   a - Animate Skeleton               Necromancy                   1
   b - Pain                           Necromancy                   1
   c - Sublimation of Blood           Necromancy                   2
   d - Leda's Liquefaction            Hexes/Earth                  4
   e - Bolt of Magma                  Conjuration/Fire/Earth       5
   f - Iron Shot                      Conjuration/Earth            6
Comestibles
 b - 12 chunks of flesh
 c - 7 rations


   Skills:
 - Level 11.0(10.7) Fighting
 - Level 12.1(11.8) Maces & Flails
 + Level 4.6(4.4) Armour
 + Level 4.4(4.1) Dodging
 - Level 2.4(2.1) Stealth
 - Level 11.0(12.0) Shields
 - Level 4.0(3.8) Spellcasting
 - Level 8.0(7.7) Conjurations
 - Level 3.1(2.8) Hexes


You had 10 spell levels left.
You knew the following spells:

 Your Spells              Type           Power        Failure   Level  Hunger
a - Magic Dart            Conj           ####         1%          1    None
b - Searing Ray           Conj           ####..       1%          2    ##.....
c - Dazzling Spray        Conj/Hex       ###...       4%          3    ###....
d - Iskenderun's Mystic   Conj           ####....     6%          4    ####...


Dungeon Overview and Level Annotations

Branches:
Dungeon (10/15)            Temple (1/1) D:7             Orc (2/2) D:10
    Elf (0/3) Orc:2
   Lair: D:8-11

Altars:
Ashenzari
Cheibriados
Dithmenos
Elyvilon
Fedhas
Gozag
Hepliaklqana
Kikubaaqudgha
Makhleb
Nemelex Xobeh
Okawaru
Qazlal
Ru
Sif Muna
Trog
Uskayaw
Vehumet
Wu Jian
Xom
Yredelemnul
Zin
The Shining One
Beogh

Shops:
D:6 =   D:10 [

Annotations:
D:8 Giant
D:10 komo4ek's ghost, novice HONe


Innate Abilities, Weirdness & Mutations

You cannot be hasted, slowed, berserked, paralysed or teleported.
You can dig through walls and to a lower floor.
Your four strong arms can wield two-handed weapons with a shield.
You have a pair of large antennae on your head. (SInv)


Message History

The orc sorcerer is no longer blind.
The orc knight hits you with an uncursed war axe!
* * * LOW HITPOINT WARNING * * *
You hit the orc knight but do no damage.
The orc knight is almost dead.
The orc sorcerer misses you.
You catch the helpless orc knight completely off-guard!
You hit the orc knight but do no damage.
Lightning courses through the orc knight!
You kill the orc knight!
You closely miss the orc sorcerer.
The orc sorcerer is lightly wounded.
You block the orc sorcerer's attack.
You hit the orc sorcerer but do no damage.
The orc sorcerer is lightly wounded.
You completely miss the orc sorcerer.
The orc sorcerer is lightly wounded.
The orc sorcerer casts a spell at you. The bolt of fire hits you!
You die...

.........o.......# ##.##.#
........o{.......# #...#..
....)...........## ### ##.....
..............### ##.#### ##..#..
#........#...)## ##...#.###...##.
...............###.#.#...###.###.
..............###....##.## ###...
.............)().....)...###^....
..........)...)o@)........#......
..............#.##(##.#..........
.............#####)####......#...
.##.#.....#..## #.)[##...#.......
##.......)#...# ##)#).#.#........
#.#.#......#.## ##.........#.#...
.......##..### #............[.[.
#.#.#.###...# ##.#.#........)..
##...## #...# ####........_.....


You could see an orc sorcerer.

Vanquished Creatures
  An orc warlord (Orc:1)
  Harold (D:10)
  A two-headed ogre (D:10)
  4 orc high priests
  The ghost of wazuzu the Martial Artist, a novice GnTm (D:9)
  Pikel (D:9)
  5 orc knights
  4 orc sorcerers (Orc:2)
  A gargoyle (D:10)
  A centaur skeleton (D:10)
  5 trolls
  A merfolk (D:10)
  6 slime creatures (D:10)
  Grinder (D:4)
  2 hippogriffs
  Sigmund (D:2)
  A wyvern (D:9)
  A shadow (D:10)
  5 yaks
  Menkaure (D:4)
  Purgy (Sewer)
  25 orc warriors
  5 sky beasts
  2 black bears
  4 slaves (D:9)
  A phantom (D:10)
  2 necrophages
  7 ogres
  3 centaurs
  2 big kobolds
  Blork the orc (D:4)
  A bullfrog (D:4)
  3 scorpions
  11 killer bees
  5 wights
  5 howler monkeys
  7 crimson imps
  A bullfrog zombie (D:9)
  4 bullfrog skeletons
  3 hounds
  A jelly (D:10)
  Crazy Yiuf (D:3)
  19 orc priests
  Jessica (D:2)
  5 iguanas
  Ijyb (D:4)
  Natasha (thrice) (D:4)
  Terence (D:2)
  16 orc wizards
  6 worker ants
  2 hound zombies
  2 hound skeletons
  11 adders
  10 gnolls
  A shadow imp (D:5)
  An ooze (D:4)
  An adder zombie (D:6)
  2 adder skeletons (D:6)
  A worm (D:4)
  2 dart slugs
  5 leopard geckos
  48 orcs
  A ball python (D:2)
  10 bats
  7 giant cockroaches
  9 goblins
  3 hobgoblins
  13 jackals
  25 kobolds
  6 quokkas
  7 frilled lizards
  2 jackal skeletons
  A leopard gecko skeleton (D:4)
  A quokka skeleton (D:4)
  11 rats
373 creatures vanquished.

Vanquished Creatures (others)
  An orc warrior (Orc:2)
  An orc (Orc:1)
2 creatures vanquished.

Grand Total: 375 creatures vanquished

Notes
Turn   | Place    | Note
-------+----------+-------------------------------------------
     0 | D:1      | Haldmier the Formicid Conjurer began the quest for the Orb.
     0 | D:1      | Reached XP level 1. HP: 13/13 MP: 3/3
   100 | D:1      | Reached XP level 2. HP: 18/20 MP: 0/5
   322 | D:1      | Learned a level 2 spell: Searing Ray
   380 | D:1      | Reached skill level 1 in Fighting
   518 | D:1      | Reached XP level 3. HP: 26/26 MP: 3/6
   704 | D:1      | You fall through a shaft!
  1107 | D:2      | Found a faded altar of an unknown god.
  1116 | D:2      | Reached XP level 4. HP: 23/32 MP: 8/8
  1513 | D:2      | Noticed Jessica
  1727 | D:2      | Noticed Terence
  1776 | D:2      | Killed Terence
  1816 | D:2      | Noticed Sigmund
  1826 | D:2      | Killed Sigmund
  1826 | D:2      | Reached skill level 5 in Conjurations
  1826 | D:2      | Reached XP level 5. HP: 36/40 MP: 1/10
  1826 | D:2      | Reached XP level 6. HP: 42/46 MP: 1/11
  2114 | D:2      | Learned a level 3 spell: Dazzling Spray
  2173 | D:2      | Killed Jessica
  2651 | D:3      | Found an opulent altar of Gozag.
  2937 | D:3      | Found a runed door.
  2941 | D:3      | Noticed Crazy Yiuf
  3279 | D:3      | Killed Crazy Yiuf
  3279 | D:3      | Reached skill level 1 in Hexes
  3279 | D:3      | Reached XP level 7. HP: 52/52 MP: 6/12
  3380 | D:3      | Reached skill level 1 in Shields
  3687 | D:4      | Noticed Blork the orc
  3835 | D:4      | Noticed Grinder
  4185 | D:4      | Learned a level 4 spell: Iskenderun's Mystic Blast
  4195 | D:4      | Noticed Natasha
  4202 | D:4      | Killed Natasha
  4438 | D:4      | Reached XP level 8. HP: 60/60 MP: 5/14
  4565 | D:4      | Killed Blork the orc
  4765 | D:4      | Noticed Natasha
  4767 | D:4      | Noticed Menkaure
  4796 | D:4      | Killed Natasha
  4904 | D:4      | Killed Grinder
  4979 | D:4      | Killed Menkaure
  5109 | D:4      | Noticed Ijyb
  5131 | D:4      | Killed Ijyb
  5131 | D:4      | Reached skill level 5 in Shields
  5203 | D:4      | Noticed Natasha
  5218 | D:4      | Killed Natasha
  5287 | D:4      | Found a snail-covered altar of Cheibriados.
  5384 | D:5      | Entered Level 5 of the Dungeon
  5888 | D:5      | Reached XP level 9. HP: 66/66 MP: 10/15
  6059 | D:5      | Reached skill level 5 in Fighting
  6156 | D:5      | Found a hazy altar of Hepliaklqana.
  6702 | D:6      | Found a glowing drain.
  6712 | Sewer    | Entered a sewer
  6775 | Sewer    | Noticed Purgy
  6783 | Sewer    | Killed Purgy
  7205 | D:6      | Found Relidam's Jewellery Emporium.
  7780 | D:6      | You fall through a shaft for 2 floors!
  8023 | D:8      | Found a hazy altar of Hepliaklqana.
  8262 | D:7      | Found a staircase to the Ecumenical Temple.
  8274 | Temple   | Entered the Ecumenical Temple
  8539 | Temple   | Became a worshipper of Ashenzari the Shackled
  8964 | D:7      | Reached XP level 10. HP: 72/77 MP: 10/16
  9640 | D:6      | Reached skill level 10 in Shields
 10453 | D:8      | Identified the Catalogue of Earthen Unholy Arts
 11261 | D:8      | Noticed a two-headed ogre
 11424 | D:9      | Noticed wazuzu's ghost (novice GnTm)
 11917 | D:9      | Reached * piety under Ashenzari
 11975 | D:9      | Killed wazuzu's ghost
 12143 | D:9      | Reached XP level 11. HP: 78/89 MP: 11/17
 12536 | D:9      | Reached skill level 10 in Fighting
 12774 | D:9      | Noticed Pikel
 12781 | D:9      | Killed Pikel
 12881 | D:10     | Entered Level 10 of the Dungeon
 12991 | D:10     | Found a staircase to the Orcish Mines.
 13337 | D:10     | Reached skill level 1 in Maces & Flails
 13356 | D:10     | Reached skill level 2 in Maces & Flails
 13469 | D:10     | Noticed Harold
 13744 | D:10     | Killed Harold
 13744 | D:10     | Reached skill level 4 in Maces & Flails
 14311 | D:10     | Reached skill level 5 in Maces & Flails
 14712 | D:10     | Reached skill level 6 in Maces & Flails
 15039 | D:10     | Noticed a two-headed ogre
 15179 | D:10     | Noticed komo4ek's ghost (novice HONe)
 15273 | D:10     | Killed a two-headed ogre
 15273 | D:10     | Reached skill level 7 in Maces & Flails
 15384 | D:10     | Reached XP level 12. HP: 91/100 MP: 5/18
 15468 | D:10     | Found Yjui's Armour Boutique.
 15714 | D:10     | Reached skill level 8 in Maces & Flails
 15834 | Orc:1    | Entered Level 1 of the Orcish Mines
 16256 | Orc:2    | Entered Level 2 of the Orcish Mines
 16256 | Orc:2    | Reached ** piety under Ashenzari
 16274 | Orc:2    | Noticed an orc warlord
 16424 | Orc:1    | Killed an orc warlord
 16424 | Orc:1    | Reached skill level 9 in Maces & Flails
 16565 | Orc:2    | Reached skill level 10 in Maces & Flails
 16752 | Orc:2    | Noticed an orc high priest
 16771 | Orc:1    | Killed an orc high priest
 17013 | Orc:2    | Found a burning altar of Makhleb.
 17035 | Orc:2    | Found a staircase to the Elven Halls.
 17100 | Orc:2    | Reached skill level 11 in Maces & Flails
 17586 | Orc:2    | Found a roughly hewn altar of Beogh.
 18149 | Orc:2    | Noticed an orc high priest
 18179 | Orc:2    | Killed an orc high priest
 18179 | Orc:2    | Reached skill level 12 in Maces & Flails
 18249 | Orc:2    | Reached skill level 1 in Armour
 18249 | Orc:2    | Reached XP level 13. HP: 75/106 MP: 15/19
 18837 | Orc:2    | Killed from afar by an orc sorcerer

Skill      XL: |  1  2  3  4  5  6  7  8  9 10 11 12 13 |
---------------+----------------------------------------+-----
Fighting       | 1 2 3 4 6 9 11 | 11.0
Conjurations   | 4 5 6 7 8 |  8.0
Spellcasting   | 3 4 |  4.0
Hexes          | 1 2 3 |  3.1
Shields        | 3 5 8 11 | 11.0
Maces & Flails | 7 12 | 12.1
Armour         | 1 4 |  4.6
Dodging        | 2 4 |  4.4
Stealth        | |  2.4

Action                   |  1- 3 |  4- 6 |  7- 9 | 10-12 | 13-15 || total
-------------------------+-------+-------+-------+-------+-------++-------
Melee: Unarmed           |     4 |       |       |       |       ||     4
       Whip              |    25 |    60 |   206 |   745 |    93 ||  1129
       Quarterstaff      |       |       |    79 |    96 |       ||   175
       Battleaxe         |       |       |       |     4 |       ||     4
 Cast: Magic Dart        |    50 |    56 |   130 |   201 |    28 ||   465
       Searing Ray       |       |     8 |    17 |    25 |       ||    50
       Dazzling Spray    |       |       |     7 |    72 |    16 ||    95
Invok: Curse Item        |       |       |     1 |       |       ||     1
  Use: Potion            |       |     1 |       |       |       ||     1
       Scroll            |       |       |    17 |     2 |       ||    19
 Stab: Paralysed         |       |       |     2 |       |       ||     2
       Distracted        |       |       |     1 |       |       ||     1
       Sleeping          |       |       |     1 |       |       ||     1
       Invisible         |       |       |       |    20 |    12 ||    32
  Eat: Chunk             |     1 |     6 |    17 |    27 |     3 ||    54
       Ration            |       |       |     1 |     3 |       ||     4
Armor: Robe              |    11 |     7 |    55 |    54 |       ||   127
       Troll leather arm |       |       |       |    43 |     3 ||    46
Dodge: Dodged            |    34 |    41 |   106 |   166 |     9 ||   356
Block: Shield            |       |       |   116 |       |       ||   116
       Large shield      |       |       |    34 |   684 |    43 ||   761
       Reflection        |       |       |     2 |    22 |     2 ||    26
